 Dungeon Crawl Stone Soup version 0.28.0-53-g5a82cb258f (webtiles) character file.

Game seed: 15191203948009023121

42 Gabide the Poker (level 3, -2/29 HPs)
             Began as a Human Monk on June 1, 2022.
             Succumbed to Robin's poison
             ... on level 2 of the Dungeon.
             The game lasted 00:01:55 (1971 turns).

Gabide the Poker (Human Monk)                       Turns: 1971, Time: 00:01:56

Health: -2/29      AC:  5    Str: 11    XL:     3   Next: 77%
Magic:  3/3        EV: 11    Int: 10    God:
Gold:   57         SH:  0    Dex: 17    Spells: 2/2 levels left

rFire   . . .      SeeInvis .   a - +0 spear
rCold   . . .      Faith    .   (no shield)
rNeg    . . .      Spirit   .   g - +0 ring mail
rPois   .          Reflect  .   (no helmet)
rElec   .          Harm     .   (no cloak)
rCorr   .          Rampage  .   (no gloves)
Will    .....                   (no boots)
Stlth   +.........              (no amulet)
HPRegen 0.09/turn               (no ring)
MPRegen 0.08/turn               (no ring)

@: lethally poisoned (-2 -> -24)
A: no striking features
a: no special abilities


You were on level 2 of the Dungeon.
You visited 1 branch of the dungeon, and saw 2 of its levels.

You collected 57 gold pieces.

Inventory:

Hand Weapons
 a - a +0 spear (weapon)
Armour
 b - a +0 robe
 g - a +0 ring mail (worn)
Jewellery
 f - a ring of resist corrosion
Scrolls
 d - a scroll of holy word {unknown}
 e - a scroll of teleportation {unknown}
Potions
 c - a potion of resistance {unknown}
 h - a potion of invisibility {unknown}


   Skills:
 + Level 3.5 Fighting
 + Level 3.5 Polearms
 + Level 3.5 Dodging
 - Level 2.0 Stealth


You had 2 spell levels left.
You didn't know any spells.
Your spell library contained the following spells:

 Spells                   Type           Power      Damage    Failure   Level
 Apportation              Tloc           0%         N/A       67%         1
 Alistair's Intoxication  Tmut/Pois      0%         N/A       100%        5


Dungeon Overview and Level Annotations

Branches:
Dungeon (2/15)

Altars:

Annotations:
D:2 Robin


Message History

Robin hits you with a +4 short sword of venom.
You are poisoned.
You hit Robin.
Robin is moderately wounded.
You feel very sick.
Robin hits you with a +4 short sword of venom.
You are more poisoned.
You hit Robin.
Robin is heavily wounded.
You feel very sick. Robin barely misses you.
You hit Robin.
Robin is severely wounded.
You feel very sick.
Robin hits you with a +4 short sword of venom.
You are more poisoned.
You are too injured to fight recklessly!
You are too injured to fight recklessly!
You are too injured to fight recklessly!
You are too injured to fight recklessly!
You are too injured to fight recklessly!
You are too injured to fight recklessly!
You are too injured to fight recklessly!
You are too injured to fight recklessly!
You are too injured to fight recklessly!
You are too injured to fight recklessly!
You are too injured to fight recklessly!
You are too injured to fight recklessly!
You are too injured to fight recklessly!
You are too injured to fight recklessly!
You are too injured to fight recklessly!
You barely miss Robin.
Robin is severely wounded.
* * * LOW HITPOINT WARNING * * *
You feel very sick.
Robin hits you with a +4 short sword of venom.
* * * LOW HITPOINT WARNING * * *
You hit Robin.
Robin is severely wounded.
You die...

#. ##.## #.
.... #
###.#.#.##.#
###..........#
............#
.###..........#
........g.....#
#...@## #....<#
#.....#
.......>...
.##..........
#)..........#
#.......#...#
#####........
###......


You could see Robin.

Vanquished Creatures
  A gnoll (D:1)
  A worm (D:1)
  A dart slug (D:1)
  5 bats (D:1)
  10 goblins (D:1)
  4 hobgoblins (D:1)
  A quokka (D:1)
  A frilled lizard (D:1)
  A kobold (D:1)
  A rat (D:1)
26 creatures vanquished.

Vanquished Creatures (others)
  A plant (D:1)
1 creature vanquished.

Grand Total: 27 creatures vanquished

Notes
Turn   | Place    | Note
-------+----------+-------------------------------------------
     0 | D:1      | Gabide the Human Monk began the quest for the Orb.
     0 | D:1      | Reached XP level 1. HP: 18/18 MP: 1/1
   407 | D:1      | Reached XP level 2. HP: 24/24 MP: 2/2
   481 | D:1      | HP: 1/24 [gnoll/+0 flail (6)]
   866 | D:1      | Reached XP level 3. HP: 29/29 MP: 3/3
   891 | D:1      | Found a faded altar of an unknown god.
  1633 | D:2      | Noticed Robin
  1971 | D:2      | Succumbed to Robin's poison

Illustrated notes

Levels and vault maps discovered:
D:1:      dpeg_arrival_brainrot, layout_loops_ring,
          shapermc_ecumenical_altar_totnotflames, serial_bayou_pond_c
D:2:      minmay_wonky_spiral, layout_basic, uniq_robin

Action                   || total
-------------------------++-------
Melee: Spear             ||   102
       Punch             ||     4
 Stab: Sleeping          ||     7
Armor: Robe              ||     4
       Ring mail         ||    21
Dodge: Dodged            ||    49
